[Event "EICC 2025"]
[Site "Eforie-Nord"]
[Date "2025.03.15"]
[Round "1.38"]
[White "Bashylina, Luisa"]
[Black "Boyer, Mahel"]
[Result "0-1"]
[Annotator "ChessBase"]
[ECO "A43"]
[WhiteElo "2175"]
[BlackElo "2529"]
[PlyCount "82"]
[EventDate "2025.03.14"]
[EventType "swiss"]
[EventCountry "ROU"]
[SourceTitle "playchess.com"]
[Source "ChessBase"]
[SourceQuality "1"]
[TimeControl "40/5400+30:1800+30"]

1. d4 g6 2. c4 Bg7 3. Nc3 c5 4. d5 d6 5. e4 e6 6. Nf3 Bxc3+ 7. bxc3 e5 8. h4 h6 9. Bd3 Qe7 10. Nd2 h5 11. Nf1 Nh6 12. f3 Kd8 13. Be3 f6 14. Qc2 Kc7 15. O-O-O Nd7 16. Nh2 Nf7 17. Bf2 Nb6 18. g4 Bd7 19. Rde1 g5 20. hxg5 Nxg5 21. Qe2 Nh3 22. Be3 Nf4 23. Bxf4 exf4 24. gxh5 Rxh5 25. Ng4 Rah8 26. Rxh5 Rxh5 27. Kc2 Bxg4 28. fxg4 Rh4 29. Qf3 Qe5 30. Kb3 Qg5 31. Be2 Nd7 32. Rf1 Rh2 33. Bd1 Ne5 34. Qxf4 Rb2+ 35. Ka4 Rxa2+ 36. Kb3 Rb2+ 37. Ka4 Nxc4 38. Bb3 b5+ 39. Kxb5 Nb6 40. Qxf6 Rxb3+ 41. Ka6 Ra3+ 0-1

[Event "EICC 2025"]
[Site "Eforie-Nord"]
[Date "2025.03.15"]
[Round "1.39"]
[White "Kobo, Ori"]
[Black "Karaca, Yigit"]
[Result "1-0"]
[Annotator "ChessBase"]
[ECO "D78"]
[WhiteElo "2525"]
[BlackElo "2174"]
[PlyCount "107"]
[EventDate "2025.03.14"]
[EventType "swiss"]
[EventCountry "ROU"]
[SourceTitle "playchess.com"]
[Source "ChessBase"]
[SourceQuality "1"]
[TimeControl "40/5400+30:1800+30"]

1. Nf3 d5 2. g3 Nf6 3. Bg2 g6 4. c4 c6 5. b3 Bg7 6. Bb2 O-O 7. O-O Re8 8. d4 Bf5 9. e3 Nbd7 10. Qe2 a5 11. cxd5 cxd5 12. Nc3 Nb6 13. Rfc1 Ne4 14. Nb5 Rc8 15. Qe1 Rxc1 16. Rxc1 Na8 17. a4 Qb6 18. Ba3 Bf8 19. Ne5 f6 20. Nd3 Nxg3 21. Nf4 Ne4 22. Nxd5 Qd8 23. Ndc7 Nxc7 24. Nxc7 e6 25. Bxf8 Rxf8 26. Qxa5 Nd6 27. b4 Qd7 28. b5 e5 29. dxe5 fxe5 30. b6 Bh3 31. Qd5+ Rf7 32. Bxh3 Qxh3 33. Qxd6 Qg4+ 34. Kf1 Qh3+ 35. Ke1 Qxh2 36. Qd8+ Rf8 37. Qd5+ Rf7 38. Qd8+ Rf8 39. Qd5+ Rf7 40. Rc2 Qg1+ 41. Kd2 Qxf2+ 42. Kd3 e4+ 43. Qxe4 Qf1+ 44. Kc3 Qa1+ 45. Kb4 Qb1+ 46. Kc5 Rf5+ 47. Nd5 Qb3 48. Kd6 Qa3+ 49. Ke6 Qb3 50. Rc8+ Kg7 51. Rc7+ Kh6 52. Qh4+ Rh5 53. Qf4+ Rg5 54. Qf8+ 1-0

[Event "EICC 2025"]
[Site "Eforie-Nord"]
[Date "2025.03.15"]
[Round "1.39"]
[White "Gov, Guy"]
[Black "Ivanchuk, Vasyl"]
[Result "0-1"]
[Annotator "TA"]
[ECO "C08"]
[WhiteElo "2281"]
[BlackElo "2604"]
[PlyCount "100"]
[EventDate "2025.03.14"]
[EventType "swiss"]
[EventCountry "ROU"]
[SourceTitle "playchess.com"]
[Source "ChessBase"]
[SourceQuality "1"]
[TimeControl "40/5400+30:1800+30"]

1. e4 e6 2. d4 d5 3. Nd2 c5 4. exd5 exd5 5. Ngf3 a6 6. dxc5 Bxc5 7. Bd3 Qe7+ {[%emt 0:02:25] C08: French Tarrasch: 3...c5 4 exd5 exd5 sidelines.} 8. Qe2 Nc6 9. a3 Qxe2+ {[%emt 0:16:55] The position is equal.} 10. Bxe2 Nge7 $146 (10... Nf6 11. O-O O-O 12. Nb3 Ba7 13. Bf4 Re8 14. Bd3 Ng4 15. h3 Nf6 16. Rfe1 Bd7 {½-½ Topalov,M (1936)-Andersen,J (2160) Blankenese op 2nd 2018 (7.8)}) 11. Nb3 Ba7 12. O-O O-O 13. Bf4 Rd8 14. Rad1 Bf5 15. Rd2 h6 16. Rfd1 g5 17. Be3 Bxe3 18. fxe3 b6 19. Nbd4 Be4 20. Nxc6 Nxc6 21. c4 dxc4 22. Rxd8+ Rxd8 23. Rxd8+ Nxd8 24. Bxc4 Bxf3 25. gxf3 $11 {[%emt 0:00:06][%mdl 4096] Endgame KB-KN} a5 26. Kf2 Kf8 27. Ke2 Ke7 28. Kd3 Nb7 29. Kd4 Nd6 30. Kd5 Nxc4 31. Kxc4 {[%emt 0:00:01] [#] Kd5 is the strong threat. KP-KP} Kd6 {[%emt 0:00:05] Hoping for ...a4.} 32. Kb5 f5 33. Kxb6 $2 {[%emt 0:01:22][%mdl 8192] White is on the road to losing.} (33. b4 $11 axb4 34. axb4) 33... a4 $19 {[%emt 0:11:30] ( -> ...g4)} 34. Kb5 g4 35. fxg4 fxg4 {[%emt 0:00:02] Black mates.} 36. Kc4 Ke5 37. Kd3 h5 38. Ke2 Ke4 39. Kf2 {[%emt 0:00:05] [#]} h4 $1 ({Worse is} 39... Kd3 40. Kg3 Kxe3 41. Kh4 $11) 40. Ke2 g3 41. h3 g2 42. Kf2 g1=Q+ 43. Kxg1 Kxe3 {[%emt 0:00:05] K3P-KPP. White is a pawn up.} 44. Kf1 Kf3 45. Ke1 Kg3 46. Ke2 Kxh3 47. Kf3 Kh2 48. Kf2 h3 49. Kf1 Kg3 50. Kg1 h2+ {[%emt 0:02:15] Weighted Error Value: White=0.24 (precise) /Black=0.03 (flawless)   Loses game:     	White=1     	---        Inaccurate:     	White=2     	---        OK:         	White=10    	Black=6      Best:        	---       	Black=4} 0-1

[Event "EICC 2025"]
[Site "Eforie-Nord"]
[Date "2025.03.15"]
[Round "1.40"]
[White "Kuzubov, Yuriy"]
[Black "Negrean, Andrei"]
[Result "1/2-1/2"]
[Annotator "TA"]
[ECO "A30"]
[WhiteElo "2603"]
[BlackElo "2280"]
[PlyCount "123"]
[EventDate "2025.03.14"]
[EventType "swiss"]
[EventCountry "ROU"]
[SourceTitle "playchess.com"]
[Source "ChessBase"]
[SourceQuality "1"]
[TimeControl "40/5400+30:1800+30"]

1. c4 Nf6 2. Nf3 c5 3. g3 b6 4. Bg2 Bb7 5. O-O e6 6. Re1 d6 7. Nc3 a6 8. e4 Be7 9. d4 cxd4 10. Nxd4 Qc7 11. Be3 Nbd7 12. f4 {[%emt 0:10:05] A30: Symmetrical English: Double Fianchetto and Hedgehog.} h5 13. h3 {[%emt 0:02:17] Repels Ng4} O-O 14. Rc1 {[%emt 0:00:27] White is slightly better.} Rfe8 15. g4 hxg4 16. hxg4 Nc5 17. Bf2 d5 18. e5 (18. cxd5 Qxf4 19. Be3 Qxg4 $17) 18... Nfe4 19. Be3 (19. cxd5 Nxf2 20. Kxf2 Bh4+ 21. Kf1 Bxe1 22. Kxe1 exd5 $17) 19... Nxc3 $146 (19... dxc4 {seems wilder.} 20. Nxe4 Nxe4 21. Qc2 Nc5) (19... Rad8 20. Qe2 Nxc3 21. Rxc3 dxc4 22. Qxc4 Bxg2 23. Kxg2 Qb7+ 24. Nf3 Qd5 25. Re2 Qa8 26. Bxc5 Bxc5 {½-½ Krivoshey,S (2503)-Agrest,E (2574) Griesheim GM 3rd 2003 (9)}) 20. Rxc3 dxc4 21. Rxc4 Bxg2 22. Kxg2 Qb7+ 23. Qf3 {[%emt 0:00:33] Active counter play!} Qxf3+ $1 24. Kxf3 Nd3 25. Re2 Rac8 26. Rxc8 Rxc8 27. Rd2 Nb4 28. f5 Nc6 29. Nxc6 (29. fxe6 Nxe5+ 30. Kf4 Ng6+ 31. Kg3 (31. Ke4 Re8 $17) 31... fxe6 $11) 29... Rxc6 $16 {[%emt 0:00:02][%mdl 4096] Endgame KRB-KRB} 30. Rd7 Bc5 31. Rd8+ Kh7 32. Bg5 Rc7 (32... f6 $16 33. exf6 exf5) 33. f6 $1 $18 g6 34. a3 a5 35. Ke4 Ra7 (35... Bf2 $16 {keeps fighting.}) 36. Rd1 {[%emt 0:01:34] Rh1+ would kill now.} Bf8 (36... Ra8 $142 37. Rh1+ Kg8) 37. Be3 (37. Rd8 Bc5 38. Bd2 Bg1 $16) 37... Rb7 38. Rh1+ ({Resist} 38. Rd8 Bc5 39. g5 Rc7 40. Bxc5 Rxc5 $18) 38... Kg8 39. Rc1 Bc5 40. Bxc5 bxc5 41. Rxc5 Rxb2 42. Rxa5 {[%emt 0:00:06] KR-KR. White is a pawn up.} g5 43. Ra4 $2 (43. Ra7 $1 $18) 43... Rg2 $1 $11 44. Kf3 Rc2 {[%emt 0:00:00] [#]} (44... Rd2 $11 {keeps the balance.}) 45. Ke3 $1 $16 Kh7 {[%emt 0:00:00] [#]} 46. Kd3 (46. Kd4 $1 $16) 46... Rg2 $11 {[%emt 0:00:00] The position is equal.} 47. Rd4 Rg3+ 48. Kc4 Rxa3 49. Kc5 Ra8 50. Rd7 Kg6 51. Kd6 Ra4 52. Rd8 Rxg4 53. Rg8+ Kf5 {[%emt 0:00:35] ...Ra4 would now be deadly.} 54. Rg7 Ra4 55. Rxf7 Ra6+ 56. Ke7 {[%emt 0:00:30] Rg7 is the strong threat.} Kxe5 57. Rg7 Ra7+ 58. Kf8 Ra8+ 59. Ke7 Ra7+ 60. Kf8 Ra8+ 61. Ke7 Ra7+ 62. Kf8 {[%emt 0:00:06] Black escapes into a draw.   Weighted Error Value: White=0.14 (very precise) /Black=0.14 (very precise)   Missed win:     	White=1     	---        Mistake:       	White=1     	Black=4      Inaccurate:     	White=1     	Black=5      OK:         	White=30    	Black=19     Best:        	---       	Black=9      Strong:       	White=2     	Black=2} 1/2-1/2

[Event "EICC 2025"]
[Site "Eforie-Nord"]
[Date "2025.03.15"]
[Round "1.40"]
[White "Dodoi, Matei-Teodor"]
[Black "Iskandarov, Misratdin"]
[Result "0-1"]
[Annotator "ChessBase"]
[ECO "A64"]
[WhiteElo "2172"]
[BlackElo "2524"]
[PlyCount "108"]
[EventDate "2025.03.14"]
[EventType "swiss"]
[EventCountry "ROU"]
[SourceTitle "playchess.com"]
[Source "ChessBase"]
[SourceQuality "1"]
[TimeControl "40/5400+30:1800+30"]

1. d4 Nf6 2. c4 g6 3. Nf3 Bg7 4. g3 c5 5. d5 O-O 6. Nc3 e6 7. Bg2 exd5 8. cxd5 d6 9. O-O Re8 10. Nd2 Nbd7 11. e4 a6 12. a4 Rb8 13. Nc4 Ne5 14. Nxe5 Rxe5 15. a5 Re8 16. Qc2 Nd7 17. Re1 b5 18. axb6 Qxb6 19. Na4 Qb3 20. Qxb3 Rxb3 21. Re3 Rb8 22. Bd2 Bd4 23. Ree1 Ne5 24. Bc3 Bg4 25. Bxd4 cxd4 26. f4 Nf3+ 27. Bxf3 Bxf3 28. e5 dxe5 29. fxe5 Bxd5 30. Rad1 Rb4 31. Nc5 Rxb2 32. Nd7 Bb3 33. Nf6+ Kf8 34. Nxe8 Bxd1 35. Rxd1 Kxe8 36. Rxd4 Rb7 37. Ra4 Ra7 38. Kf2 Kd7 39. Ke3 Kc6 40. Kd4 Kb5 41. Ra1 Rd7+ 42. Kc3 a5 43. Re1 Rc7+ 44. Kd3 a4 45. Rb1+ Ka5 46. Rb8 a3 47. g4 Rc6 48. Rb3 Ka4 49. Rb8 a2 50. Ra8+ Kb3 51. Rb8+ Ka3 52. Ra8+ Kb2 53. Rb8+ Kc1 54. Ra8 Rc2 0-1

[Event "EICC 2025"]
[Site "Eforie-Nord"]
[Date "2025.03.15"]
[Round "1.41"]
[White "Dubnevych, Maksym"]
[Black "Kozak, Adam"]
[Result "1/2-1/2"]
[Annotator "TA"]
[ECO "B40"]
[WhiteElo "2279"]
[BlackElo "2601"]
[PlyCount "94"]
[EventDate "2025.03.14"]
[EventType "swiss"]
[EventCountry "ROU"]
[SourceTitle "playchess.com"]
[Source "ChessBase"]
[SourceQuality "1"]
[TimeControl "40/5400+30:1800+30"]

1. Nc3 c5 2. Nf3 e6 3. d4 cxd4 4. Nxd4 Nf6 5. e4 Bb4 6. Bd3 Bxc3+ {[%emt 0:15:18] 6...d6 is the modern continuation.} 7. bxc3 d6 {[%emt 0:00:05] B40: Sicilian: 2...e6, Unusual lines.} 8. O-O a6 9. a4 Qc7 10. Ba3 Nbd7 11. Nb3 $146 {[%emt 0:06:08] Dodges b6} ({Predecessor:} 11. Qe1 Nc5 12. Nb3 e5 13. Nxc5 dxc5 14. Qe3 Nd7 15. Qg3 O-O 16. Bc1 Kh8 17. f4 {0-1 Dauw,S (1958)-Decoster,S (2126) Brasschaat op 17th 2017 (4)}) 11... b6 12. Re1 Bb7 13. c4 O-O {[%emt 0:09:44] [#]} 14. a5 $1 Rfc8 (14... bxa5 15. e5) 15. axb6 Qxb6 16. Rb1 {[%emt 0:00:56][%cal Ob3c5] Nc5! is the strong threat.} Qc7 17. Qd2 Bc6 (17... a5 $11) 18. f3 (18. Qa5 $16) 18... Ne8 (18... a5 $11 {remains equal.}) 19. Bf1 (19. Bb4 $16) 19... Ba4 20. Red1 Nc5 (20... a5 $11) 21. Nxc5 $16 dxc5 22. Qc3 Nf6 23. Rd2 Rd8 24. Rxd8+ Rxd8 25. Ra1 Be8 26. Bc1 Ra8 27. Ra5 Nd7 28. Be3 Qb6 29. Qa3 h6 30. h3 (30. Bxc5 Nxc5 31. Qxc5 Qxc5+ 32. Rxc5 a5 $15) 30... f6 31. f4 (31. Bxc5 Nxc5 32. Qxc5 Qxc5+ 33. Rxc5 a5 $15) 31... Bg6 32. Bd3 (32. Bxc5 Nxc5 33. Qxc5 Qxc5+ 34. Rxc5 a5 $15 (34... Bxe4 35. Ra5 $15)) 32... Qc6 33. e5 ({But not} 33. Bxc5 Bxe4 34. Be7 Bxg2 $11 (34... Bxd3 35. cxd3 e5 36. Qd6 $16)) 33... Bxd3 34. cxd3 fxe5 35. fxe5 (35. Bxc5 exf4 36. Bd4 Nf6 $11) 35... Qc7 36. Bxc5 (36. Rxa6 Rxa6 37. Qxa6 Qxe5 38. Bf2) 36... Qxe5 (36... Nxc5 $11 37. Rxc5 (37. Qxc5 Qxc5+ 38. Rxc5 Rd8 $11) 37... Qd7) 37. Bf2 (37. Rxa6 $2 Rxa6 (37... Qxc5+ $2 38. Qxc5 Nxc5 39. Rxa8+ $18) 38. Qxa6 Nxc5 $19 (38... Qxc5+ $2 39. Kh1 $19)) 37... Qe2 {[%emt 0:00:31] [#] ...Rf8 is the strong threat.} 38. Qc3 (38. Rxa6 $2 Rf8 39. Qd6 (39. Bg3 $2 Rf1+ 40. Kh2 Qd1 $19) 39... Qxf2+ $19) (38. Qd6 $1 $16 Rf8 39. Qg3) 38... Rf8 $11 {[%emt 0:00:31] The position is equal.} 39. Qe1 Qxd3 40. Qxe6+ (40. Rxa6 {simplifies} Qxc4 41. Rxe6 Nf6 42. Qe5) 40... Kh7 41. Rd5 (41. Rxa6 $2 {too greedy.} Rf6 42. c5 Rxe6 $19 (42... Qxa6 $2 43. Qxd7 Qa1+ 44. Kh2 $19)) 41... Qb1+ 42. Qe1 {[%emt 0:00:26] Active counter play!} Qxe1+ 43. Bxe1 Nb6 44. Rd6 Nxc4 45. Rxa6 Re8 46. Bf2 Re7 47. Ra7 Rxa7 {[%emt 0:00:06] Weighted Error Value: White=0.16 (very precise) /Black=0.14 (very precise)   Mistake:       	White=3     	Black=4      Inaccurate:     	White=5     	Black=3      OK:         	White=16    	Black=17     Best:        	White=2     	Black=1} 1/2-1/2

[Event "EICC 2025"]
[Site "Eforie-Nord"]
[Date "2025.03.15"]
[Round "1.42"]
[White "Vocaturo, Daniele"]
[Black "Kalavannan, Koby"]
[Result "1-0"]
[Annotator "TA"]
[ECO "B38"]
[WhiteElo "2600"]
[BlackElo "2279"]
[PlyCount "115"]
[EventDate "2025.03.14"]
[EventType "swiss"]
[EventCountry "ROU"]
[SourceTitle "playchess.com"]
[Source "ChessBase"]
[SourceQuality "1"]
[TimeControl "40/5400+30:1800+30"]

1. e4 c5 2. Nf3 Nc6 3. d4 cxd4 4. Nxd4 g6 5. c4 Bg7 6. Be3 Qb6 7. Nb3 Qd8 8. Qd2 d6 9. Nc3 Nf6 10. Be2 Ng4 11. Bxg4 Bxg4 12. Nd4 O-O 13. O-O Qa5 14. b3 $5 {[%emt 0:00:00][%mdl 4] A promising side line. B38: Sicilian: Maroczy Bind with 5...Bg7 and 7...0-0.} Rfc8 15. Rac1 a6 16. f3 {[%emt 0:00:00] White is slightly better.} Bd7 17. Rfd1 Rab8 18. Nd5 Qxd2 $146 (18... Qd8 19. a4 Nxd4 20. Bxd4 b5 21. Bxg7 Kxg7 22. cxb5 axb5 23. a5 Be6 24. Rxc8 Rxc8 25. Nb6 Rc6 26. Rc1 Qc7 27. Rxc6 Qxc6 {1-0 Cox,J-Moe,M (2365) Copenhagen Open-04 (Politiken Cup-03) 1982 (5)}) 19. Rxd2 {[%emt 0:00:00] [#]} Bxd4 20. Bxd4 Be6 21. Nb6 {[%emt 0:00:00] White is much more active.} Rf8 22. Bc3 Rbd8 23. Rcd1 f6 24. b4 Kf7 25. a4 Nb8 (25... Rde8 $14) 26. c5 $16 {[%emt 0:00:00][%cal Rc5d6] White stays focused until the end.} Bb3 {[%emt 0:00:08] Black is weak on the dark squares} 27. Rb1 Be6 {[%emt 0:00:11] [#]} 28. cxd6 $1 Rxd6 29. Rxd6 exd6 30. Rd1 $36 {[%emt 0:00:00][%mdl 2048] White is on the roll.} Rd8 31. b5 axb5 32. axb5 f5 (32... d5 $16 33. Be1 (33. exd5 Bd7 $16) (33. Nxd5 Rc8 $16) 33... h5) 33. Bb4 fxe4 34. fxe4 (34. Bxd6 Bb3 35. Rd4 Ke6 $15) 34... Bg4 35. Rd2 (35. Rxd6 Rxd6 36. Bxd6 Nd7 $14) 35... Be6 (35... g5 {was called for.} 36. Nc4 (36. Bxd6 Be6 $18) (36. Rxd6 Rxd6 37. Bxd6 Nd7 $14) 36... Kf6) 36. Bxd6 $18 Bb3 37. e5 Ke6 38. h3 Kf5 39. Rd4 h5 40. Kf2 g5 41. g3 Bf7 42. Ke3 Be8 $2 (42... Nd7) 43. g4+ hxg4 (43... Kg6 $142 44. e6 Bxb5 45. gxh5+ Kxh5) 44. hxg4+ Kg6 45. Bxb8 Rxb8 {[%emt 0:00:24][%mdl 4096] Endgame KRB-KRN. White is a pawn up.} 46. Rd5 Bf7 (46... Kf7 $142 47. Nc4 Ke7) 47. Rd6+ Kg7 48. Kd4 Rh8 49. Nd7 (49. e6 $142 {[%cal Od6d7] and Rd7! would now be decisive} Be8 50. Kc5) 49... Rh4 $2 (49... Rh1 50. Nc5 Rg1) 50. Nf6 {[%emt 0:00:00] White is clearly winning.} Rh1 51. Rb6 Rd1+ 52. Kc5 Rc1+ 53. Kd6 Rd1+ 54. Ke7 Re1 55. e6 (55. Rxb7 Rxe5+ 56. Kd6 Re6+ (56... Kxf6 57. Rxf7+ Kxf7 58. Kxe5 Ke7 59. b6 Kd7 60. Kd5 Kd8 61. Kd6) 57. Kc5 Kxf6 $19) 55... Kg6 56. Nd7 (56. Rxb7 $2 {too greedy.} Rxe6+ 57. Kd7 Rxf6 $19 (57... Kxf6 $2 58. Rb8 $19)) 56... Kg7 57. Nc5 (57. Rxb7 Bxe6 58. Kd6 Kf7 $16) 57... Re3 58. Rxb7 {[%emt 0:00:30] Weighted Error Value: White=0.24 (precise) /Black=0.83  Mistake:       	White=1     	Black=7      Inaccurate:     	White=3     	Black=5      OK:         	White=8     	Black=9      Best:        	White=5     	Black=2      Strong:       	White=1     	---} 1-0

[Event "EICC 2025"]
[Site "Eforie-Nord"]
[Date "2025.03.15"]
[Round "1.43"]
[White "Aslanov, Umid"]
[Black "Lupulescu, Constantin"]
[Result "1/2-1/2"]
[Annotator "TA"]
[ECO "B89"]
[WhiteElo "2274"]
[BlackElo "2596"]
[PlyCount "101"]
[EventDate "2025.03.14"]
[EventType "swiss"]
[EventCountry "ROU"]
[SourceTitle "playchess.com"]
[Source "ChessBase"]
[SourceQuality "1"]
[TimeControl "40/5400+30:1800+30"]

1. e4 c5 2. Nf3 Nc6 3. d4 cxd4 4. Nxd4 Nf6 5. Nc3 d6 6. Bc4 e6 7. Be3 Bd7 8. Qe2 $1 {[%emt 0:01:08] The main line 8.Qe2 scores better than 8.Bb3.} Rc8 {[%emt 0:00:27] B89: Sicilian: Velimirovic Attack.} 9. Bb3 Na5 10. O-O Be7 {[%emt 0:00:44] White has an edge.} 11. f4 h5 $146 (11... O-O 12. Kh1 a6 13. Rad1 Qc7 14. f5 Nxb3 15. axb3 b5 16. fxe6 fxe6 17. e5 dxe5 {0-1 Guo,J (2112)-Dragnev,V (2565) Titled Tuesday intern op 14th Feb Early blitz 2023 (2)}) 12. h3 {[%emt 0:06:29] Wards off Ng4} Rxc3 $1 13. bxc3 {[%emt 0:00:35] [#]} Nxe4 14. Qf3 {[%emt 0:02:18] Prevents Ng3.} Nf6 ({Much worse is} 14... Nxc3 $6 15. f5 O-O (15... e5 16. Ne6 $16) 16. fxe6 fxe6 17. Qxh5 Nxb3 18. Rxf8+ (18. cxb3 Bf6 $11) (18. axb3 a6 $16) (18. Nxb3 Nd5 $14) 18... Qxf8 19. axb3 $16) (14... d5 $6 15. c4 $16) 15. Rad1 h4 16. Bf2 d5 (16... a6 $11) 17. Qd3 {[%emt 0:22:21] White is more active.} (17. Rfe1 $16) 17... Ne4 ({Better is} 17... Qb8 $11) 18. c4 (18. f5 $5) 18... Nxf2 19. Rxf2 dxc4 20. Bxc4 Nxc4 21. Qxc4 Qb6 22. Kh1 O-O 23. Qb3 Qc7 24. Nf3 Rc8 25. Ne5 Be8 26. Rfd2 b5 27. Qf3 Bf6 28. Nd7 $36 {[%emt 0:02:49][%mdl 2048] White has good play.} Bc3 29. Rd3 Bb2 (29... b4 $14) 30. f5 $16 exf5 31. Qxf5 {[%emt 0:00:15] White attacks} Qxc2 32. Qxb5 Qe2 33. Qg5 Rc2 (33... f6 $142 34. Qxh4 Rc1 35. Rxc1 Qxd3) 34. R3d2 {[%emt 0:03:05] Chess con chili.} (34. Qxh4 $2 Qxg2#) 34... Rxd2 35. Qxd2 Qxd2 36. Rxd2 $18 {[%emt 0:00:01][%mdl 4096] Endgame KRN-KB} Ba1 {[%emt 0:00:30] [#]} 37. Kg1 $2 (37. Rd1 $1 $18) 37... f6 $14 38. Kf2 Kf7 39. Ke3 Ke7 40. Nc5 Be5 41. Kd3 Bc6 42. Kc4 f5 43. Nd3 Bg3 44. Nb4 Be4 45. a4 a5 46. Nd5+ Ke6 47. Nc3 Ba8 48. Re2+ Be5 49. Nb5 {[%emt 0:00:00] Threatens to win with Nc7+.} Kf6 50. Kc5 g5 51. Nd4 {[%emt 0:00:00] Weighted Error Value: White=0.16 (very precise) /Black=0.13 (very precise)   Mistake:       	White=2     	Black=4      Inaccurate:     	White=5     	Black=2      OK:         	White=19    	Black=20     Best:        	White=1     	Black=1      Strong:       	---       	Black=1} 1/2-1/2

[Event "EICC 2025"]
[Site "Eforie-Nord"]
[Date "2025.03.15"]
[Round "1.44"]
[White "Gumularz, Szymon"]
[Black "Gilea, Lucian"]
[Result "1-0"]
[Annotator "TA"]
[ECO "C64"]
[WhiteElo "2591"]
[BlackElo "2273"]
[PlyCount "71"]
[EventDate "2025.03.14"]
[EventType "swiss"]
[EventCountry "ROU"]
[SourceTitle "playchess.com"]
[Source "ChessBase"]
[SourceQuality "1"]
[TimeControl "40/5400+30:1800+30"]

1. e4 e5 2. Nf3 Nc6 3. Bb5 Bc5 4. c3 Qe7 5. O-O a6 6. Ba4 {[%emt 0:00:05] C64: Ruy Lopez: Classical Defence (3...Bc5) except 4 0-0 Nf6.} b5 (6... Nf6 $14) 7. Bb3 d6 8. a4 $5 {[%emt 0:02:04][%mdl 4] White is better. An interesting side line.} Rb8 9. d4 {[%emt 0:00:34] [#]} Bb6 10. Be3 $146 (10. axb5 axb5 11. Na3 Na5 12. Nxb5 Nxb3 13. Qxb3 Nf6 14. Re1 Bg4 15. Qd1 O-O 16. Qd3 {½-½ Cayford,R (2525)-Tomkovich,V (2505) W-ch15 corr9601 1996}) 10... Nf6 11. Nbd2 O-O 12. Re1 Bg4 13. h3 Bh5 14. g4 Bg6 {[%emt 0:04:06] A sharp opening} 15. Bc2 Qd7 (15... exd4 $11 16. cxd4 Rfe8 (16... Bxe4 $2 17. Nxe4 Nxe4 18. axb5 $18) (16... Nxe4 17. Nxe4 Bxe4 18. Bxe4 $18)) 16. axb5 axb5 17. Bd3 (17. dxe5 $14 dxe5 18. Qe2) 17... exd4 $11 18. cxd4 Nb4 $1 19. Bb1 c5 20. d5 Rfe8 21. Bg5 h5 (21... Bd8 $11) 22. Bxf6 $1 $14 gxf6 23. Nh4 hxg4 {[%emt 0:00:35] [#] and ...g3 would now be decisive} 24. Ra3 (24. hxg4 c4 $11) (24. Qxg4 Qxg4+ 25. hxg4 c4 26. Nxg6 fxg6 $17) 24... Kg7 (24... c4 $14) 25. Rg3 $18 (25. hxg4 $6 c4 $14) 25... Rh8 26. Rxg4 {[%emt 0:00:00][%cal Oe4e5] aiming for e5!.} Kf8 $2 (26... Rbg8) 27. Qf3 $1 (27. Nxg6+ fxg6 28. Kg2 (28. Rxg6 Qxh3 29. Qf3 Qxf3 $17) 28... Qf7 $14) 27... Bh5 (27... Bd8 $142 28. Nxg6+ fxg6) 28. Qxf6 Rh7 29. Rg3 (29. e5 $142 Bd8 30. Bxh7 (30. Qxd6+ Qxd6 31. exd6 Bxg4 $16) 30... Qxg4+ (30... Bxf6 $2 31. Rg8+ Ke7 32. exf6+ Kxf6 33. Ne4+ Ke5 34. Nxc5+ Kxd5 35. Nxd7 $18) 31. hxg4 Bxf6 32. exf6 Nxd5 33. gxh5 Nxf6 34. Bc2) 29... Re8 $2 (29... Bd8 30. Qf4 Bxh4 31. Qxh4 Re8) 30. Qg5 ({Less strong is} 30. Nf5 Nxd5 31. Qxd6+ (31. exd5 $2 Rxe1+ 32. Kg2 Bd8 $19) 31... Qxd6 32. Nxd6 Re5 $16) 30... Bg6 31. e5 Bd8 32. Nxg6+ fxg6 33. Qxg6 Rg7 34. Qh6 (34. Qxd6+ $2 {loses.} Qxd6 35. exd6 Rxe1+ 36. Kh2 Rxg3 (36... Nxd5 $2 37. Rf3+ Nf6 38. Bf5 $19) 37. Kxg3 Rd1 $19 (37... Nxd5 $2 38. Kf3 $19)) 34... Qf7 35. e6 {[%emt 0:00:00] Intending Re4 and mate.} Qg8 36. Ree3 {[%emt 0:00:00] Weighted Error Value: White=0.28 (precise) /Black=0.87  Mistake:       	White=2     	Black=7      Inaccurate:     	White=5     	Black=2      OK:         	White=4     	Black=10     Best:        	White=4     	Black=1      Strong:       	White=2     	Black=1} 1-0